 Dungeon Crawl Stone Soup version 0.21.1-1-g345015f (webtiles) character file.

35 hal2100 the Firebug (level 3, 0/24 HPs)
             Began as a Demonspawn Fire Elementalist on July 13, 2018.
             Slain by a goblin
             ... wielding a +0 club
             ... led by Robin
              (7 damage)
             ... on level 1 of the Dungeon.
             The game lasted 00:09:39 (1265 turns).

hal2100 the Firebug (Demonspawn Fire Elementalist)  Turns: 1265, Time: 00:09:40

Health: 0/24       AC:  2    Str:  8    XL:     3   Next: 16%
Magic:  1/6        EV: 12    Int: 17    God:
Gold:   39         SH:  0    Dex: 13    Spells: 2/6 levels left

rFire    + . .     SeeInvis .   l - -3 dagger (curse)
rCold    . . .     Gourm    .   (no shield)
rNeg     . . .     Faith    .   a - +0 robe
rPois    .         Spirit   .   (no helmet)
rElec    .         Reflect  .   (no cloak)
rCorr    .         Harm     .   (no gloves)
MR       .....                  (no boots)
Stlth    ++........             (no amulet)
HPRegen  0.08/turn              (no ring)
MPRegen  0.10/turn              (no ring)

@: no status effects
A: fire resistance 1
a: no special abilities


You were on level 1 of the Dungeon.
You were hungry.

You visited 1 branch of the dungeon, and saw 2 of its levels.

You collected 39 gold pieces.

Inventory:

Hand Weapons
 e - a +0 dagger
 l - a cursed -3 dagger (weapon)
Missiles
 d - 28 stones (quivered)
Armour
 a - a +0 robe (worn)
Scrolls
 h - a scroll of magic mapping
Potions
 g - a potion of invisibility {unknown}
 i - 2 potions of cancellation {unknown}
 k - a potion of heal wounds
Books
 b - a book of Flames

   Spells                             Type                      Level
   a - Flame Tongue                   Conjuration/Fire             1
   b - Throw Flame                    Conjuration/Fire             2
   c - Conjure Flame                  Conjuration/Fire             3
   d - Inner Flame                    Hexes/Fire                   3
   e - Sticky Flame                   Conjuration/Fire             4
   f - Fireball                       Conjuration/Fire             5
Comestibles
 c - a ration


   Skills:
 + Level 0.8 Throwing
 + Level 1.8 Dodging
 + Level 2.0 Stealth
 + Level 2.2 Spellcasting
 + Level 1.1 Conjurations
 + Level 3.3 Fire Magic


You had 2 spell levels left.
You knew the following spells:

 Your Spells              Type           Power        Failure   Level  Hunger
a - Flame Tongue          Conj/Fire      #....        8%          1    #......
b - Conjure Flame         Conj/Fire      #.......     22%         3    ###....


Dungeon Overview and Level Annotations

Branches:
Dungeon (2/15)

Altars:

Annotations:
D:2 Robin


Innate Abilities, Weirdness & Mutations

Your flesh is heat resistant. (rF+)


Message History

The goblin hits you with a club.
You hit the goblin but do no damage.
The goblin is moderately wounded.
The goblin hits you with a club.
You miss the goblin.
The goblin is moderately wounded.
You barely miss the goblin.
The goblin is moderately wounded.
The goblin misses you.
You hit the goblin but do no damage.
The goblin is moderately wounded.
The goblin closely misses you.
You hit the goblin but do no damage.
The goblin is moderately wounded.
The goblin hits you with a club.
* * * LOW HITPOINT WARNING * * *
You hit the goblin.
The goblin is severely wounded.
The goblin hits you with a club!
You die...

#.#.# ##.# #####
#.#.####..###
#...#.......#
##..#.#####.# #..#.#
###.## #.>#.# #....##
##.#.###.#...##
####g...........#####
#...@...#.#.#.#.##...
#######
#.#####.....รท...##.#.
#.....# #.#
#.#.#.#.#.##.#.
##.....# #.#
##.........##.#.
.......# #.#
#..#.#.#.#.##.##
.##'#### #.#
#...........#.#
.##.#### #.#
#..#.#.#.#..#.#
.##....#
#.####.............#
.#####.#
#..........###..#####


You could see a goblin.

Vanquished Creatures
  3 dart slugs (D:1)
  A giant cockroach (D:1)
  7 goblins
  3 hobgoblins
  A kobold (D:1)
  5 bats (D:1)
  2 frilled lizards (D:1)
  6 rats (D:1)
28 creatures vanquished.

Notes
Turn   | Place    | Note
-------+----------+-------------------------------------------
     0 | D:1      | hal2100 the Demonspawn Fire Elementalist began the quest for the Orb.
     0 | D:1      | Reached XP level 1. HP: 13/13 MP: 3/3
   166 | D:1      | Reached skill level 3 in Fire Magic
   471 | D:1      | Gained mutation: Your flesh is heat resistant. (rF+) [demonic ancestry]
   471 | D:1      | Reached XP level 2. HP: 19/19 MP: 1/5
   991 | D:1      | Reached XP level 3. HP: 24/24 MP: 0/6
  1159 | D:1      | Learned a level 3 spell: Conjure Flame
  1249 | D:2      | Noticed Robin
  1265 | D:1      | Slain by a goblin

Skill      XL: |  1  2 |
---------------+-------+-----
Fire Magic     | 3 |  3.3
Stealth        | 2 |  2.0
Throwing       | |  0.8
Dodging        | |  1.8
Spellcasting   | |  2.2
Conjurations   | |  1.1

Action                   || total
-------------------------++-------
Melee: Dagger            ||    26
Throw: Stone             ||    42
 Cast: Flame Tongue      ||    46
  Use: Scroll            ||     3
 Stab: Sleeping          ||     2
  Eat: Chunk             ||     1
Armor: Robe              ||    10
Dodge: Dodged            ||    27
